 Dungeon Crawl Stone Soup version 0.21.0-3-g78d12a8 (webtiles) character file.

380 komo4ek the Covert (level 6, -15/42 HPs)
             Began as an Octopode Assassin on Jan 8, 2018.
             Was an Initiate of Dithmenos.
             Demolished by an ogre
             ... wielding a +0 giant club
              (17 damage)
             ... on level 5 of the Dungeon.
             The game lasted 00:09:49 (3902 turns).

komo4ek the Covert (Octopode Assassin)              Turns: 3902, Time: 00:09:50

Health: -15/42     AC:  1    Str: 10    XL:     6   Next: 75%
Magic:  6/6        EV: 13    Int: 12    God:    Dithmenos [......]
Gold:   317        SH:  0    Dex: 15    Spells: 5/5 levels left

rFire    . . .     SeeInvis .   r - +2 short sword (venom)
rCold    . . .     Gourm    .   (no shield)
rNeg     . . .     Faith    .   (helmet restricted)
rPois    .         Spirit   .   (no amulet)
rElec    .         Reflect  .   (no ring)
rCorr    .         Harm     .   (no ring)
MR       .....                  (no ring)
Stlth    +++++.....             (no ring)
HPRegen  0.14/turn              (no ring)
MPRegen  0.10/turn              (no ring)
                                (no ring)
                                (no ring)

@: flying
A: almost no armour, stealthy swim, amphibious, 8 rings, constrict 8, camouflage
1, dopey 1, robust 1, wild magic 1, gelatinous body 1
a: Renounce Religion


You were on level 5 of the Dungeon.
You worshipped Dithmenos.
Dithmenos was noncommittal.
You were not hungry.

You visited 1 branch of the dungeon, and saw 5 of its levels.

You collected 317 gold pieces.

Inventory:

Hand Weapons
 a - a +2 dagger
 b - a +0 blowgun
 r - a +2 short sword of venom (weapon)
Missiles
 c - 26 poisoned needles
 d - 2 curare-tipped needles
 l - 7 needles of sleeping
Jewellery
 k - a cursed ring of teleportation {unknown}
 n - a cursed ring of loudness {unknown}
Scrolls
 e - 4 scrolls of identify {unknown}
 g - 4 scrolls of random uselessness {unknown}
 h - a scroll of remove curse {unknown}
 i - a scroll of immolation {unknown}
 j - a scroll of enchant armour {unknown}
 o - 2 scrolls of amnesia {unknown}
 p - 3 scrolls of blinking {unknown}
 q - a scroll of teleportation {unknown}
 u - a scroll of fear {unknown}
Potions
 m - 2 potions of magic
 t - a potion of degeneration {unknown}
Comestibles
 f - 5 rations


   Skills:
 - Level 2.0 Fighting
 + Level 4.2 Short Blades
 - Level 2.0 Throwing
 - Level 1.0 Dodging
 * Level 9.5 Stealth


You had 5 spell levels left.
You didn't know any spells.

Dungeon Overview and Level Annotations

Branches:
Dungeon (5/15)
 Temple: D:4-7

Altars:
Dithmenos
Uskayaw
Wu Jian
Xom

Annotations:
D:4 othur's ghost, amateur MiFi


Innate Abilities, Weirdness & Mutations

You cannot wear most types of armour.
You are very stealthy in the water. (Stealth+)
You are amphibious.
You can wear up to eight rings at the same time.
You can use your tentacles to constrict eight enemies at once.
Your skin changes colour to match your surroundings (Stealth+).
Your rubbery body absorbs attacks. (AC +1, EV +1)
You are dopey. (Int -2)
You are robust. (+10% HP)
Your spells are a little harder to cast, but a little more powerful.


Message History

You squeeze the river rat!
You kill the river rat!
Dithmenos accepts your kill.
You hit the river rat. You grab the river rat. You squeeze the river rat!
The river rat is almost dead.
You constrict the river rat, but do no damage.
You hit the river rat but do no damage.
The river rat is poisoned.
The river rat is almost dead.
You constrict the river rat, but do no damage.
You kill the river rat!
Dithmenos accepts your kill.
The rat twitches its whiskers.
You hit the ogre.
The ogre is poisoned.
Your squeeze misses the ogre.
The ogre is lightly wounded.
The ogre hits you with a giant club!!
* * * LOW HITPOINT WARNING * * *
It was a potion of flight.
You feel very buoyant.
You fly up into the air.
The ogre hits you with a giant club!
You die...

....# .......# ##..#
#.$.rrr# ##..# ..r.r.#
.#..# # #.r...# .'..# #.
##.....# .#..#### #.##
#..#rrr.# .##.##.##
##..#.###rr..#
.##...#.###.##.##Or#..##
.#####.#.##†....@######
.######.#..###.†.# #...#
#######..†#.# #...#
#..###.## #...# #.# #.#
#...# ## .# +...# .
#...# ## #...#


You could see an ogre, a river rat and 4 rats.

Vanquished Creatures
  A centaur (D:5)
  A howler monkey (D:5)
  2 hounds (D:5)
  Jessica (D:3)
  Natasha (D:2)
  A worker ant (D:4)
  2 adders
  4 river rats (D:5)
  2 dart slugs (D:1)
  2 leopard geckos
  2 orcs
  2 ball pythons
  5 bats
  2 giant cockroaches (D:5)
  3 hobgoblins (D:1)
  11 jackals
  8 kobolds
  3 quokkas (D:5)
  3 frilled lizards
  A giant cockroach zombie (D:3)
  7 goblins
  A quokka skeleton (D:4)
  8 rats
73 creatures vanquished.

Notes
Turn   | Place    | Note
-------+----------+-------------------------------------------
     0 | D:1      | komo4ek the Octopode Assassin began the quest for the Orb.
     0 | D:1      | Reached XP level 1. HP: 14/14 MP: 1/1
   111 | D:1      | Reached XP level 2. HP: 19/19 MP: 2/2
   162 | D:1      | Reached skill level 6 in Stealth
   399 | D:1      | Reached XP level 3. HP: 24/24 MP: 3/3
  1005 | D:2      | Found a shimmering altar of Xom.
  1057 | D:2      | Noticed Natasha
  1064 | D:2      | Killed Natasha
  1064 | D:2      | Reached skill level 7 in Stealth
  1064 | D:2      | Reached XP level 4. HP: 17/29 MP: 4/4
  1259 | D:2      | Noticed a dagger
  1260 | D:2      | Found a hide-covered altar of Uskayaw.
  1260 | D:2      | Noticed a dagger
  1567 | D:3      | Found an ornate altar of the Wu Jian Council.
  1826 | D:3      | Noticed Jessica
  1833 | D:3      | Killed Jessica
  1970 | D:3      | Reached XP level 5. HP: 34/34 MP: 5/5
  2560 | D:4      | Found a shadowy altar of Dithmenos.
  2565 | D:4      | Became a worshipper of Dithmenos the Shadowed
  2580 | D:4      | Noticed othur's ghost (amateur MiFi)
  2825 | D:3      | Gained mutation: You are dopey. (Int -2) [potion of mutation]
  2825 | D:3      | Gained mutation: Your spells are a little harder to cast, but a little more powerful. [potion of mutation]
  2825 | D:3      | Gained mutation: You are robust. (+10% HP) [potion of mutation]
  3434 | D:4      | Reached skill level 8 in Stealth
  3507 | D:5      | Entered Level 5 of the Dungeon
  3649 | D:5      | Reached XP level 6. HP: 27/42 MP: 6/6
  3822 | D:5      | Reached skill level 9 in Stealth
  3901 | D:5      | HP: 2/42 [ogre/giant club (19)]
  3902 | D:5      | Demolished by an ogre

Skill      XL: |  1  2  3  4  5  6 |
---------------+-------------------+-----
Stealth        | 6 7 8 9 |  9.5
Short Blades   | 3 4 |  4.2
Fighting       | |  2.0
Throwing       | |  2.0
Dodging        | |  1.0

Action                   |  1- 3 |  4- 6 || total
-------------------------+-------+-------++-------
Melee: Dagger            |    56 |    27 ||    83
       Constrict         |    15 |    18 ||    33
       Tentacles         |    11 |    17 ||    28
       Short sword       |       |    45 ||    45
  Use: Potion            |       |     5 ||     5
 Stab: Sleeping          |    11 |    16 ||    27
  Eat: Ration            |       |     3 ||     3
Armor: Skin              |     1 |     3 ||     4
Dodge: Dodged            |    20 |    29 ||    49
